 Dungeon Crawl Stone Soup version 0.30-a0-528-g8c47a4955b (webtiles) character file.

Game seed: 12784830761726453445

188 thalacas the Covert (level 5, -1/36 HPs)
             Began as an Octopode Delver on Dec 23, 2022.
             Slain by a gnoll
             ... wielding a +0 spear
              (5 damage)
             ... on level 5 of the Dungeon.
             The game lasted 00:08:02 (3375 turns).

thalacas the Covert (Octopode Delver)               Turns: 3375, Time: 00:08:03

Health: -1/36      AC:  1    Str: 13    XL:     5   Next: 67%
Magic:  5/5        EV: 17    Int: 12    God:
Gold:   200        SH:  0    Dex: 14    Spells: 4/4 levels left

rFire   . . .      SeeInvis +    a - +2 hand axe (flame)
rCold   . . .      Faith    .    (no shield)
rNeg    . . .      Spirit   .    (helmet restricted)
rPois   .          Reflect  .    (no amulet)
rElec   .          Harm     .    m - +4 ring of evasion
rCorr   .          Rampage  .    t - ring of see invisible
Will    .....                    (no ring)
Stlth   +++++                    (no ring)
HPRegen 0.26/turn                (no ring)
MPRegen 0.09/turn                (no ring)
                                 (no ring)
                                 (no ring)

@: flying
A: almost no armour, amphibious, 8 rings, camouflage 1, gelatinous body 1,
(nimble swimmer 1), tentacles
a: no special abilities


You were on level 5 of the Dungeon.
You visited 1 branch of the dungeon, and saw 5 of its levels.

You collected 200 gold pieces.

Inventory:

Hand Weapons
 a - a +2 hand axe of flaming (weapon)
 b - a +0 sling
 j - a +0 short sword
 y - a +1 dagger of holy wrath
 z - a +3 war axe
Jewellery
 m - a +4 ring of evasion (left tentacle)
 o - a ring of flight
 q - a ring of fire
 t - a ring of see invisible (right tentacle)
 v - a ring of fire
Wands
 f - a wand of digging (3)
Scrolls
 c - 3 scrolls of magic mapping
 d - 2 scrolls of fear
 g - 2 scrolls of fog
 i - 5 scrolls of identify {unknown}
 l - a scroll of amnesia {unknown}
 r - a scroll of noise {unknown}
 s - 2 scrolls of enchant armour {unknown}
 u - 2 scrolls of teleportation {unknown}
 w - a scroll of butterflies {unknown}
Potions
 e - a potion of haste
 h - 3 potions of curing
 k - 2 potions of attraction {unknown}
 n - a potion of invisibility {unknown}
 p - a potion of degeneration {unknown}


   Skills:
 + Level 3.4 Fighting
 + Level 2.1 Short Blades
 + Level 1.4 Axes
 + Level 2.9 Ranged Weapons
 + Level 2.3 Dodging
 + Level 8.0 Stealth


You had 4 spell levels left.
You didn't know any spells.
Your spell library contained the following spells:

 Spells                   Type           Power      Damage    Failure   Level
 Blink                    Tloc           0%         N/A       45%         2
 Momentum Strike          Conj/Tloc      0%         3d8       45%         2
 Hailstorm                Conj/Ice       0%         3d3       69%         3
 Lesser Beckoning         Tloc           0%         N/A       69%         3
 Vhi's Electric Charge    Tloc/Air       0%         N/A       69%         3
 Ice Form                 Ice/Tmut       0%         N/A       97%         4
 Arcjolt                  Conj/Air       0%         1d10      100%        5
 Simulacrum               Ice/Necr       0%         N/A       100%        6
 Maxwell's Capacitive Co  Air            0%         ∞         100%        8


Dungeon Overview and Level Annotations

Branches:
Dungeon (5/15)
 Temple: D:4-7

Altars:


Innate Abilities, Weirdness & Mutations

You cannot wear most types of armour.
You are amphibious.
You can wear up to eight rings at the same time.
Your skin changes colour to match your surroundings (Stealth+).
Your rubbery body absorbs attacks. (AC +1, EV +1)
((You are camouflaged when in or above water. (Stealth+)))
You have tentacles for arms and can constrict up to eight enemies at once.


Message History

You constrict the gnoll, but do no damage.
The gnoll barely misses you.
You hit the gnoll. You burn the gnoll.
The gnoll is almost dead.
You constrict the gnoll.
You kill the gnoll!
You hit the gnoll. You burn the gnoll. You grab the gnoll.
You squeeze the gnoll!
The gnoll is severely wounded.
You constrict the gnoll. The gnoll hits you with a +0 whip. x2
The gnoll closely misses you.
You hit the gnoll. You burn the gnoll.
You kill the gnoll!
The gnoll hits you from afar with a +0 spear.
The gnoll hits you with a +0 spear!
* * * LOW HITPOINT WARNING * * *
Things that are here:
a +0 whip; a +0 spear; a gnoll corpse You hit the gnoll.
You burn the gnoll. Your grab misses the gnoll.
The gnoll is moderately wounded.
The gnoll closely misses you.
You closely miss the gnoll. Your grab misses the gnoll.
You squeeze the gnoll, but do no damage.
The gnoll is moderately wounded.
The gnoll closely misses you. x2
You hit the gnoll but do no damage. Your grab misses the gnoll.
The gnoll is moderately wounded.
The gnoll closely misses you.
You barely miss the gnoll. Your grab misses the gnoll.
The gnoll is moderately wounded.
The gnoll hits you with a +0 spear.
* * * LOW HITPOINT WARNING * * *
It was a potion of curing.
You feel better. The gnoll hits you with a +0 spear!
* * * LOW HITPOINT WARNING * * *
It was a potion of magic.
Magic courses through your body. The gnoll hits you but does no damage.
It was a potion of flight.
You feel very buoyant.
You fly up into the air.
The gnoll hits you with a +0 spear.
You die...

... #g.#
#.###.# .
#.....# ..
##....# ..
#....# .#
####.##.####
#g......#
#g#####.#
#@# #.# #.#
#.# # #.# #.
#######.#
##.###
#.......# .
..#
#.#######
#.#.# #.#


You could see 2 gnolls.

Vanquished Creatures
  A hound (D:4)
  An orc wizard (D:2)
  Robin (D:3)
  2 gnolls (D:5)
  An adder (D:2)
  A worm (D:4)
  3 dart slugs
  4 orcs
  7 endoplasms
  12 giant cockroaches (D:2)
  9 goblins
  12 hobgoblins
  4 jackals (D:4)
  2 kobolds
  A quokka (D:3)
  2 ball pythons (D:1)
  4 bats
  2 frilled lizards
  3 rats
72 creatures vanquished.

Notes
Turn   | Place    | Note
-------+----------+-------------------------------------------
     0 | D:5      | thalacas the Octopode Delver began the quest for the Orb.
     0 | D:5      | Reached XP level 1. HP: 16/16 MP: 1/1
    26 | D:5      | Noticed a hound
    27 | D:5      | Noticed a gnoll bouda
    36 | D:4      | Killed a hound
    37 | D:4      | Reached skill level 7 in Stealth
    37 | D:4      | Reached XP level 2. HP: 9/21 MP: 2/2
    37 | D:4      | Reached XP level 3. HP: 11/26 MP: 3/3
   652 | D:2      | Reached skill level 8 in Stealth
   947 | D:1      | Reached XP level 4. HP: 31/31 MP: 4/4
   976 | D:1      | Reached skill level 1 in Ranged Weapons
  1958 | D:2      | Identified the +4 leather armour "Nioklaesch" {Str+2 Int+2}
  2142 | D:2      | Reached XP level 5. HP: 27/36 MP: 5/5
  2144 | D:2      | Reached skill level 1 in Axes
  2882 | D:3      | Noticed Robin
  2894 | D:3      | Killed Robin
  3375 | D:5      | Slain by a gnoll

Illustrated notes

Levels and vault maps discovered:
D:1:      elethiomel_arrival_shortcut, layout_loops_ring
D:2:      minmay_roachtagon, layout_basic, minmay_misc_feat_iff,
          kennysheep_generic_room_10
D:3:      layout_loops_corners, uniq_robin
D:4:      layout_basic, minmay_fractal_squares_5
D:5:      layout_loops_ring, minmay_temple_entry_drinking_statues, minivault_26,
          saegor_snake_ambush

Skill      XL: |  1  2  3  4  5 |
---------------+----------------+-----
Stealth        | 7 8 |  8.0
Ranged Weapons | 2 |  2.9
Axes           | 1 |  1.4
Fighting       | |  3.4
Short Blades   | |  2.1
Dodging        | |  2.3

Action                   |  1- 3 |  4- 6 || total
-------------------------+-------+-------++-------
Melee: Short sword       |    23 |       ||    23
       Constrict         |     7 |    16 ||    23
       Tentacles         |     6 |    10 ||    16
       Punch             |     1 |       ||     1
       Hand axe          |       |    71 ||    71
 Fire: Sling             |    25 |    86 ||   111
  Use: Potion            |       |     3 ||     3
Armor: Skin              |       |     5 ||     5
Dodge: Dodged            |    15 |    66 ||    81

Table legend: (Time is in decaauts)
 A = Elapsed time spent in this place.
 B = Non-inter-level travel time spent in this place.
 C = Inter-level travel time spent in this place.
 D = Time resting spent in this place.
 E = Time spent auto-exploring this place.
 F = Levels seen in this place.
 G = Mean time per level.
                   A        B        C        D        E       F      G
               +--------+--------+--------+--------+--------+-----+--------+
         Total |   3407 |   3325 |     82 |      0 |   2815 |   5 |  681.4 |
       Dungeon |   3407 |   3325 |     82 |      0 |   2815 |   5 |  681.4 |
               +--------+--------+--------+--------+--------+-----+--------+

Top non-repeatable levels by time:
     D:2: 1284 daAuts
     D:3: 864 daAuts
     D:1: 728 daAuts
     D:4: 438 daAuts
     D:5: 91 daAuts
